 Dungeon Crawl Stone Soup version 0.29-a0-2-g12fcac58f8 (webtiles) character file.

Game seed: 12184523922081290976

2258 funkygono the Magician (level 9, -3/46 HPs)
             Began as a Gargoyle Fire Elementalist on Jan 26, 2022.
             Was an Initiate of Vehumet.
             Slain by a wraith (6 damage)
             ... on level 7 of the Dungeon.
             The game lasted 00:11:32 (7833 turns).

funkygono the Magician (Gargoyle Fire Elementalist) Turns: 7833, Time: 00:11:32

Health: -3/46      AC: 10    Str: 12    XL:     9   Next: 38%
Magic:  4/20       EV: 12    Int: 20    God:    Vehumet [......]
Gold:   279        SH:  0    Dex: 10    Spells: 7/23 levels left

rFire   . . .      SeeInvis .   e - +5 morningstar (protect)
rCold   . . .      Faith    .   (no shield)
rNeg    + . .      Spirit   .   a - +0 robe
rPois   ∞          Reflect  .   (no helmet)
rElec   +          Harm     .   (no cloak)
rCorr   .          Rampage  .   (no gloves)
Will    .....                   q - +1 pair of boots
Stlth   ++........              (no amulet)
HPRegen 0.15/turn               (no ring)
MPRegen 0.17/turn               (no ring)

@: slowed, very slow
A: sickness immunity, AC +6, negative energy resistance 1, electricity
resistance, torment resistance 1, petrification resistance
a: Renounce Religion


You were on level 7 of the Dungeon.
You worshipped Vehumet.
Vehumet was noncommittal.
You visited 2 branches of the dungeon, and saw 8 of its levels.

You collected 279 gold pieces.

Inventory:

Hand Weapons
 c - a +0 flail
 e - a +5 morningstar of protection (weapon)
 k - a +0 whip
 o - the +3 dagger of Zommiode {vorpal, rElec rF- rN+}
   (You took it off a kobold on level 4 of the Dungeon)

   It inflicts extra damage upon your enemies.
   rF:        It makes you vulnerable to fire.
   rElec:     It insulates you from electricity.
   rN:        It protects you from negative energy.
Missiles
 b - 176 stones
 j - a throwing net
Armour
 a - a +0 robe (worn)
 f - a +0 leather armour
 g - a +0 kite shield
 q - a +1 pair of boots (worn)
 x - a +1 ring mail of poison resistance
 y - an orb of guile
Wands
 w - a wand of polymorph (12)
Scrolls
 i - a scroll of teleportation
 u - a scroll of holy word
 C - a scroll of amnesia
Potions
 d - 4 potions of curing
 h - 2 potions of resistance
 l - 2 potions of lignification {unknown}
 m - a potion of heal wounds {unknown}
 n - a potion of brilliance {unknown}
 p - 2 potions of berserk rage {unknown}
 r - a potion of flight {unknown}
 t - a potion of invisibility {unknown}
 v - 2 potions of mutation {unknown}
 z - a potion of ambrosia {unknown}
 A - a potion of attraction {unknown}


   Skills:
 + Level 0.5 Fighting
 + Level 1.0 Maces & Flails
 + Level 2.0 Dodging
 - Level 2.1 Stealth
 * Level 7.8 Spellcasting
 * Level 5.4 Conjurations
 * Level 7.8 Fire Magic


You had 7 spell levels left.
You knew the following spells:

 Your Spells              Type           Power      Damage    Failure   Level
a - Foxfire               Conj/Fire      100%       2x1d9     1%          1
b - Scorch                Fire           78%        2d9       1%          2
c - Conjure Flame         Conj/Fire      34%        6-21      1%          3
d - Flame Wave            Conj/Fire      34%        2d8       5%          4
e - Starburst             Conj/Fire      17%        6d6       65%         6

Your spell library contained the following spells:

 Spells                   Type           Power      Damage    Failure   Level
 Inner Flame              Hex/Fire       23%        N/A       5%          3
 Dazzling Flash           Conj/Hex       36%        N/A       9%          3
 Iskenderun's Mystic Bla  Conj/Tloc      18%        2d6       28%         4


Dungeon Overview and Level Annotations

Branches:
Dungeon (7/15)             Temple (1/1) D:5

Altars:
Ashenzari
Elyvilon
Fedhas
Gozag
Hepliaklqana
Makhleb
Okawaru
Qazlal
Sif Muna
Uskayaw
Vehumet
Wu Jian
Xom
Yredelemnul

Shops:
D:4 (


Innate Abilities, Weirdness & Mutations

You are immune to sickness and miasma.
Your stone body is resilient. (AC +6)
You are immune to poison.
You resist negative energy. (rN+)
You are resistant to electric shocks. (rElec)
You are resistant to unholy torment.
You are immune to petrification.


Message History

The wraith is severely damaged.
The foxfire hits the wraith but does no damage.
The wraith is severely damaged.
The foxfire hits the orc.
The orc is lightly wounded.
The wraith hits you but does no damage. The orc barely misses you.
The wraith hits you!
* * * LOW HITPOINT WARNING * * *
The wraith drains your vigour!
You feel as though you will be slow longer.
Your foxfire dissipates!
The orc barely misses you.
Casting: Foxfire (safe; 1% risk of failure)
Confirm with . or Enter, or press ? or * to list all spells.
You conjure some foxfire!
The orc misses you. The wraith hits you but does no damage.
The orc hits you with a +0 dagger.
* * * LOW HITPOINT WARNING * * *
The orc hits you but does no damage. The wraith hits you.
* * * LOW HITPOINT WARNING * * *
The wraith drains your vigour!
You feel as though you will be slow longer.
You feel better.
The foxfire hits the wraith but does no damage.
The wraith is severely damaged.
The foxfire hits the orc.
The orc is lightly wounded.
The orc closely misses you. The orc hits you but does no damage.
The wraith hits you.
* * * LOW HITPOINT WARNING * * *
The orc misses you. The orc misses you. The wraith hits you.
* * * LOW HITPOINT WARNING * * *
The wraith drains your vigour!
You feel as though you will be slow longer.
The orc barely misses you. The orc closely misses you.
The wraith closely misses you. The orc barely misses you.
The orc hits you but does no damage. The wraith hits you.
You die...

#.........#
#.#......
#....##.#.#
#.#...###
###...#.#.#
#.#...#
###.#.#..
#.#..##
#)#.####
#.#...
#)#..
..#....
#)###
###.#.. #.#
#@#
######W###
#....oo..#
#........#
#........#
#........#
#........#
#........#
########.#


You could see a wraith and 2 orcs.

Vanquished Creatures
  A two-headed ogre (D:5)
  Sigmund (D:5)
  Menkaure (D:4)
  Duvessa (D:5)
  2 ogres (D:5)
  A phantom (D:5)
  A kobold brigand (D:6)
  2 scorpions (D:5)
  A wyvern skeleton (D:7)
  A water moccasin skeleton (D:5)
  Dowan (D:5)
  3 hounds
  2 orc priests
  2 centaur skeletons (D:4)
  3 iguanas
  Terence (D:2)
  Natasha (thrice) (D:4)
  3 orc wizards (D:5)
  A hound skeleton (D:4)
  A mummy (D:6)
  A howler monkey skeleton (D:5)
  A howler monkey zombie (D:6)
  7 gnolls
  6 adders
  A white imp (D:6)
  2 worms (D:2)
  5 dart slugs
  10 orcs
  3 endoplasms
  3 giant cockroaches
  6 goblins
  7 hobgoblins
  7 jackals
  11 kobolds
  3 quokkas (D:1)
  5 ball pythons
  5 bats
  2 frilled lizards
  A goblin zombie (D:6)
  A kobold zombie (D:6)
  3 rats
122 creatures vanquished.

Vanquished Creatures (collateral kills)
  A foxfire (D:1)
1 creature vanquished.

Vanquished Creatures (others)
  409 foxfires
  2 plants (D:1)
411 creatures vanquished.

Grand Total: 534 creatures vanquished

Notes
Turn   | Place    | Note
-------+----------+-------------------------------------------
     0 | D:1      | funkygono the Gargoyle Fire Elementalist began the quest
                  | for the Orb.
     0 | D:1      | Reached XP level 1. HP: 10/10 MP: 3/3
   110 | D:1      | Reached XP level 2. HP: 15/15 MP: 0/5
   113 | D:1      | Learned a level 2 spell: Scorch
   262 | D:1      | Found a faded altar of an unknown god.
   738 | D:1      | Reached XP level 3. HP: 19/19 MP: 3/6
   742 | D:1      | Learned a level 3 spell: Conjure Flame
  1580 | D:2      | Reached XP level 4. HP: 24/24 MP: 1/8
  1710 | D:2      | Noticed Terence
  1717 | D:2      | Killed Terence
  1954 | D:2      | Reached XP level 5. HP: 28/28 MP: 4/9
  1959 | D:2      | Learned a level 4 spell: Flame Wave
  2640 | D:3      | Found a shimmering altar of Xom.
  2911 | D:3      | You fall into a shaft and drop 3 floors!
  2920 | D:5      | Entered Level 5 of the Dungeon
  2952 | D:5      | Reached XP level 6. HP: 32/32 MP: 5/11
  3025 | D:5      | Found a staircase to the Ecumenical Temple.
  3032 | Temple   | Entered the Ecumenical Temple
  3245 | D:5      | Reached skill level 5 in Fire Magic
  3380 | D:5      | Reached XP level 7. HP: 36/36 MP: 6/13
  3656 | D:4      | Noticed Menkaure
  3661 | D:4      | Killed Menkaure
  3737 | D:4      | Found Ceozxiptomoa's Antique Weapon Shoppe.
  4499 | D:4      | Identified the +3 dagger of Zommiode {vorpal, rElec rF-
                  | rN+}
  4508 | D:4      | Noticed Natasha
  4511 | D:4      | Killed Natasha
  4512 | D:4      | Reached skill level 5 in Spellcasting
  5043 | D:4      | Noticed Natasha
  5068 | D:4      | Killed Natasha
  5533 | D:4      | Noticed Natasha
  5537 | D:4      | Killed Natasha
  5690 | D:5      | Reached XP level 8. HP: 41/41 MP: 7/16
  5826 | D:5      | Noticed Sigmund
  5833 | D:5      | Killed Sigmund
  6043 | D:5      | Noticed a two-headed ogre
  6051 | D:5      | Killed a two-headed ogre
  6052 | D:5      | Reached skill level 5 in Conjurations
  6052 | D:5      | Reached XP level 9. HP: 46/46 MP: 8/19
  6061 | D:5      | Noticed Duvessa
  6067 | D:5      | Killed Duvessa
  6068 | D:5      | Reached skill level 1 in Maces & Flails
  6068 | D:5      | Noticed Dowan
  6071 | D:5      | Killed Dowan
  7436 | D:6      | Found an iron altar of Okawaru.
  7439 | D:6      | Found a hide-covered altar of Uskayaw.
  7441 | D:6      | Found a radiant altar of Vehumet.
  7444 | D:6      | Became a worshipper of Vehumet
  7558 | D:6      | Identified a scroll of acquirement
  7558 | D:6      | Acquired a +5 morningstar of protection
  7569 | D:6      | Learned a level 6 spell: Starburst
  7829 | D:7      | HP: 2/46 [wraith (5)]
  7833 | D:7      | Slain by a wraith

Illustrated notes

Levels and vault maps discovered:
D:1:      roderic_crossed_star, layout_basic,
          hellmonk_ecumenical_altar_dog_temple, serial_bayou_lagoon_b
D:2:      layout_loops_ring, uniq_terence
D:3:      layout_basic, mainiacjoe_overflow_six_doors_small
D:4:      minmay_razor_zed, layout_loops_ring, serial_shops,
          nicolae_stop_n_shop_1, uniq_natasha, uniq_menkaure
D:5:      layout_loops_corners, minmay_temple_entry_mini_moons, uniq_duvessa,
          uniq_sigmund
D:6:      layout_loops_ring, minitemple, nicolae_ossuary_entry_giza
D:7:      layout_basic, mainiacjoe_overflow_alcove_2, old_standard_altar,
          hangedman_minor_gate_pass
Temple:   dpeg_chambers_temple

Skill      XL: |  1  2  3  4  5  6  7  8  9 |
---------------+----------------------------+-----
Conjurations   | 2 3 4 5 |  5.4
Fire Magic     | 4 5 6 7 |  7.8
Spellcasting   | 3 4 5 7 |  7.8
Maces & Flails | 1 |  1.0
Dodging        | 2 |  2.0
Fighting       | |  0.5
Stealth        | |  2.1

Action                   |  1- 3 |  4- 6 |  7- 9 || total
-------------------------+-------+-------+-------++-------
Melee: Unarmed           |     2 |       |       ||     2
       Flail             |       |     5 |    32 ||    37
 Cast: Foxfire           |    46 |    49 |   154 ||   249
       Scorch            |    13 |    12 |    42 ||    67
       Conjure Flame     |       |       |     2 ||     2
  Use: Scroll            |       |       |    11 ||    11
       Potion            |       |       |     1 ||     1
Armor: Robe              |     7 |     5 |    32 ||    44
Dodge: Dodged            |    13 |    11 |    59 ||    83

Table legend: (Time is in decaauts)
 A = Elapsed time spent in this place.
 B = Non-inter-level travel time spent in this place.
 C = Inter-level travel time spent in this place.
 D = Time resting spent in this place.
 E = Time spent auto-exploring this place.
 F = Levels seen in this place.
 G = Mean time per level.
                   A        B        C        D        E       F      G
               +--------+--------+--------+--------+--------+-----+--------+
         Total |   7880 |   7620 |    260 |    137 |   6379 |   8 |  985.0 |
       Dungeon |   7673 |   7422 |    251 |    137 |   6193 |   7 | 1096.1 |
        Temple |    206 |    197 |      9 |      0 |    186 |   1 |  206.0 |
               +--------+--------+--------+--------+--------+-----+--------+

Top non-repeatable levels by time:
     D:5: 1570 daAuts
     D:4: 1365 daAuts
     D:1: 1343 daAuts
     D:2: 1264 daAuts
     D:3: 995 daAuts
     D:6: 904 daAuts
     D:7: 228 daAuts
  Temple: 206 daAuts
